 Dungeon Sprint DCSS version 0.30-a0-691-g754fce4c43 (webtiles) character file.

Game seed: 6908360990985311450

1053 BigDaddyOpFi the Demonic Catastrophe (level 8, -1/71 HPs)
             Began as a Demonspawn Monk on Jan 19, 2023.
             Was an Elder of Qazlal.
             Slain by an ironbound preserver
             ... wielding a +0 dire flail
              (21 damage)
             ... in the Dungeon (Sprint V: "Ziggurat Sprint").
             The game lasted 00:01:22 (486 turns).

BigDaddyOpFi the Demonic Catastrophe (DsMo)          Turns: 486, Time: 00:01:22

Health: -1/71      AC: 26    Str: 26    XL:     8   Next: 5%
Magic:  13/15      EV:  3    Int: 11    God:    Qazlal [****..]
Gold:   0          SH: 30    Dex: 16    Spells: 7/7 levels left

rFire   . . .      SeeInvis +    b - +16 obsidian axe {drain, demonic, Mesm Drain Fly SInv}
rCold   . . .      Faith    .    E - +18 shield of the Gong {Loud rElec rN+ Will+ EV-5}
rNeg    + . .      Spirit   .    D - +15 Maxwell's patent armour {-Cast -Tele rElec Will+ rCorr}
rPois   .          Reflect  .    (no helmet)
rElec   +          Harm     .    (no cloak)
rCorr   +          Rampage  .    (no gloves)
Will    ++...      NoTele   +    (no boots) Stlth NoCast +
                                 (no amulet)
HPRegen 2.31/turn                A - +6 ring of strength
MPRegen 0.14/turn                B - +6 ring of strength

@: flying, mesmerised, repel missiles
A: rugged brown scales 1, powered by death 2, spiny 1
a: Renounce Religion, Upheaval, Elemental Force


You were in the Dungeon.
You worshipped Qazlal.
Qazlal was greatly pleased with you.
You visited 1 branch

Inventory:

Hand Weapons
 b - the +16 obsidian axe (weapon) {drain, demonic, Mesm Drain Fly SInv}
   (You found it in the Dungeon)

   Mesm:      Its wielder is mesmerised by any visible foes, and it cannot be
   unequipped while any foes are visible.
   SInv:      It lets you see invisible.
   Fly:       It grants you flight.
   Drain:     It drains your maximum health when unequipped.
Armour
 D - the +15 Maxwell's patent armour (worn) {-Cast -Tele rElec Will+ rCorr}
   (You found it in the Dungeon)

   rElec:     It insulates you from electricity.
   -Cast:     It prevents spellcasting.
   -Tele:     It prevents most forms of teleportation.
   rCorr:     It protects you from acid and corrosion.
   Will:      It increases your willpower.
 E - the +18 shield of the Gong (worn) {Loud rElec rN+ Will+ EV-5}
   (You found it in the Dungeon)

   Loud:      It is deafeningly noisy when blocking attacks.
   EV:        It affects your evasion (-5).
   rElec:     It insulates you from electricity.
   rN:        It protects you from negative energy.
   Will:      It increases your willpower.
Jewellery
 v - a ring of flight
 w - a +6 ring of dexterity
 x - a +6 ring of dexterity
 y - a +6 ring of intelligence
 z - a +6 ring of intelligence
 A - a +6 ring of strength (left hand)
 B - a +6 ring of strength (right hand)
Wands
 s - a wand of mindburst (7)
 t - a wand of iceblast (7)
 u - a wand of acid (7)
Scrolls
 i - 4 scrolls of blinking
 o - 4 scrolls of amnesia
 p - 7 scrolls of fog
 q - 5 scrolls of identify
 r - 2 scrolls of fear
Potions
 c - a potion of ambrosia
 d - 10 potions of curing
 e - 7 potions of heal wounds
 f - 6 potions of haste
 g - 7 potions of magic
 h - 3 potions of berserk rage
 j - 2 potions of brilliance
 k - 2 potions of invisibility
 l - 4 potions of resistance
 n - 5 potions of might
Miscellaneous
 a - a box of beasts
 C - a lightning rod (4/4)


   Skills:
 + Level 8.6 Fighting
 + Level 7.8 Axes
 + Level 7.9 Dodging
 + Level 8.2 Stealth
 + Level 10.4 Invocations


You had 7 spell levels left.
You didn't know any spells.
Your spell library contained the following spells:

 Spells                   Type           Power      Damage    Failure   Level
 Ozocubu's Armour         Ice            0%         N/A       100%        3
 Animate Dead             Necr           0%         N/A       100%        4
 Haunt                    Necr/Summ      0%         N/A       100%        7
 Ozocubu's Refrigeration  Ice            0%         4d7       100%        7
 Infestation              Necr           0%         N/A       100%        8


Dungeon Overview and Level Annotations

Branches:
Dungeon (1/1)

Altars:
Ashenzari
Cheibriados
Dithmenos
Fedhas
Gozag
Hepliaklqana
Kikubaaqudgha
Makhleb
Nemelex Xobeh
Okawaru
Qazlal
Ru
Sif Muna
Trog
Uskayaw
Vehumet
Wu Jian
Xom
Yredelemnul
Jiyva
Lugonu

Annotations:
D 1 transporter


Innate Abilities, Weirdness & Mutations

You are partially covered in rugged brown scales. (AC +1, +3% HP)
You regenerate health from kills.
You are partially covered in sharp spines.


Message History

The ironbound convoker is engulfed in freezing vapours.
The glowing orange brain pulsates.
You resist with some effort.
A lorocyproca comes into view.
You block the balrug's attack.
GONNNNG!
Your Fighting skill increases to level 8!
Your Stealth skill increases to level 8!
Your Invocations skill increases to level 10!
You have reached level 8!
You feel agile.
Your demonic ancestry asserts itself...
Sharp spines emerge from parts of your body.
Unknown command.
You slash the ironbound convoker!
The ironbound convoker is severely wounded.
You slash the ironbound preserver! You drain the ironbound preserver!
You closely miss the lorocyproca. You slash the glowing orange brain!
You slash the balrug! You hit the fire giant. You drain the fire giant.
Visions of slaying the glowing orange brain flood into your mind.
You block the fire giant's attack.
GONNNNG!
You block the ironbound preserver's attack.
GONNNNG!
The necromancer casts a spell.
The necromancer binds the souls of nearby monsters.
The ironbound convoker is struck by lightning.
The ironbound convoker is struck by your spines.
The ironbound convoker hits you but does no damage.
You block the lorocyproca's attack.
BOUMMMMG!
The balrug is struck by your spines. The balrug hits you but does no damage.
The lorocyproca hits you but does no damage.
The ironbound convoker gestures at the ironbound preserver while chanting.
The ironbound preserver seems to grow stronger.
The fire giant is struck by your spines.
The fire giant hits you with a +1 great sword of flaming!!
The fire giant burns you!
* * * LOW HITPOINT WARNING * * *
The ironbound preserver hits you with a +0 dire flail!!
You die...

▓...).▓.....▓..©..▓
▓..©..▓..©..▓▓▓▓▓▓▓
▓▓▓▓▓▓▓▓▓▓▓▓▓▓
▓..8©8...▓
▓..|))...▓
▓...|....▓
▓.G○p.○..▓
▓.°Cpp...▓
▓.▓2@2.▓.▓
▓.zC©....▓
▓▓▓▓▓▓▓▓▓▓


You could see a juggernaut shaped shifter (soul bound), an ironbound preserver
(soul bound, strong, drained), a fire giant (soul bound, drained), a lorocyproca
(invisible), a balrug, a skeletal warrior, a glowing orange brain (mesmerising,
drained), an ironbound convoker (soul bound, catching breath) and a necromancer.

Vanquished Creatures
  A lindwurm (D)
  2 merfolk (D)
  A quasit (D)
  An orc priest (D)
  2 iron imps (D)
  3 orcs (D)
10 creatures vanquished.

Notes
Turn   | Place    | Note
-------+----------+-------------------------------------------
     0 | D        | BigDaddyOpFi the Demonspawn Monk began the quest for the
                  | Orb.
     0 | D        | Reached XP level 1. HP: 18/18 MP: 1/1
     4 | D        | Found a shimmering blue altar of Sif Muna.
     4 | D        | Found a bloodstained altar of Trog.
     4 | D        | Found a sacrificial altar of Ru.
     4 | D        | Found a stormy altar of Qazlal.
     4 | D        | Found an iron altar of Okawaru.
     5 | D        | Found a sparkling altar of Nemelex Xobeh.
     5 | D        | Found a blossoming altar of Fedhas.
     5 | D        | Found the +6 Majin-Bo {spellvamp, MP+6 Int+6}
     5 | D        | Found the +27 heavy crossbow "Sniper" {heavy, Acc+∞ SInv}
     5 | D        | Found the +10 dark maul {heavy}
     5 | D        | Found the +15 Maxwell's patent armour {-Cast -Tele rElec
                  | Will+ rCorr}
     5 | D        | Found the +18 shield of the Gong {Loud rElec rN+ Will+
                  | EV-5}
     5 | D        | Found the +16 obsidian axe {drain, demonic, Mesm Drain Fly
                  | SInv}
     5 | D        | Found the +7 great mace "Firestarter" {flame, inner flame,
                  | rFlCloud rF++}
     5 | D        | Found the +6 shillelagh "Devastator" {shatter}
     5 | D        | Found the +11 plutonium sword {Contam Stlth-}
     5 | D        | Found the +8 lance "Wyrmbane" {slay drac, rPois rF+ rC+
                  | AC+3}
     5 | D        | Found the +9 sword of Zonguldrok {reap}
     5 | D        | Found the +13 scythe of Curses {drain, curses, Drain}
     5 | D        | Found the +9 sword of Power {lifebolt}
     5 | D        | Found the +7 mace of Variability {chaos, chain chaos}
     5 | D        | Found the +11 Singing Sword {sonic wave}
     5 | D        | Found the +8 storm bow {elec, penet}
     7 | D        | Found a transporter.
     7 | D        | Found an ancient bone altar of Kikubaaqudgha.
     7 | D        | Found a viscous altar of Jiyva.
     7 | D        | Found a corrupted altar of Lugonu.
     7 | D        | Found a hazy altar of Hepliaklqana.
     7 | D        | Found a burning altar of Makhleb.
     7 | D        | Found an opulent altar of Gozag.
    55 | D        | Became a worshipper of Qazlal Stormbringer
    55 | D        | Reached * piety under Qazlal
    55 | D        | Reached ** piety under Qazlal
    68 | D        | Reached skill level 4 in Invocations
    68 | D        | Gained mutation: You regenerate a little health from kills.
                  | [demonic ancestry]
    68 | D        | Reached XP level 2. HP: 26/26 MP: 1/5
   113 | D        | Entered arena 2.
   113 | D        | Noticed a merfolk
   113 | D        | Noticed a merfolk
   113 | D        | Found a transporter.
   122 | D        | Killed a merfolk
   123 | D        | Reached skill level 5 in Axes
   123 | D        | Reached skill level 5 in Dodging
   123 | D        | Reached skill level 5 in Stealth
   123 | D        | Reached skill level 7 in Invocations
   123 | D        | Gained mutation: You are partially covered in rugged brown
                  | scales. (AC +1, +3% HP) [demonic ancestry]
   123 | D        | Reached XP level 3. HP: 8/36 MP: 6/8
   123 | D        | Reached XP level 4. HP: 9/42 MP: 6/9
   123 | D        | Gained mutation: You regenerate health from kills. [demonic
                  | ancestry]
   123 | D        | Reached XP level 5. HP: 11/48 MP: 6/10
   126 | D        | Killed a merfolk
   127 | D        | Reached skill level 8 in Invocations
   127 | D        | Reached XP level 6. HP: 26/56 MP: 6/12
   345 | D        | Entered arena 3.
   345 | D        | Found a transporter.
   352 | D        | Reached *** piety under Qazlal
   353 | D        | Reached XP level 7. HP: 58/61 MP: 13/13
   463 | D        | Entered arena 4.
   463 | D        | Found a transporter.
   467 | D        | Reached **** piety under Qazlal
   468 | D        | Reached skill level 9 in Invocations
   480 | D        | Entered arena 5.
   480 | D        | Noticed a glowing orange brain
   480 | D        | Noticed an ironbound convoker
   480 | D        | Noticed an ironbound preserver
   480 | D        | Noticed a lindwurm
   480 | D        | Found a transporter.
   485 | D        | a glowing shapeshifter changed into a juggernaut
   485 | D        | Noticed a juggernaut (glowing shapeshifter)
   485 | D        | Noticed a balrug
   485 | D        | Noticed a skeletal warrior
   485 | D        | Killed a lindwurm
   485 | D        | Noticed a fire giant
   485 | D        | Noticed a necromancer
   485 | D        | Noticed a lorocyproca
   486 | D        | Reached skill level 10 in Invocations
   486 | D        | Gained mutation: You are partially covered in sharp spines.
                  | [demonic ancestry]
   486 | D        | Reached XP level 8. HP: 49/71 MP: 13/15
   486 | D        | Slain by an ironbound preserver

Illustrated notes

Levels and vault maps discovered:
D:        sprint_v [room_start, room_1, room_2, room_3, room_4, room_5, room_6,
          room_7, room_8, room_9, room_10, room_11, room_12, room_13, room_14,
          room_15, room_16, room_17, room_18, room_19, room_20, room_21,
          room_22, room_23, room_24, room_25, room_26, room_27]

Skill      XL: |  1  2  3  4  5  6  7 |
---------------+----------------------+-----
Fighting       | 4 6 7 8 |  8.6
Axes           | 4 5 6 7 |  7.8
Dodging        | 4 5 6 7 |  7.9
Stealth        | 3 5 6 7 8 |  8.2
Invocations    | 4 7 8 10 | 10.4

Action                   |  1- 3 |  4- 6 |  7- 9 || total
-------------------------+-------+-------+-------++-------
Melee: Broad axe         |     6 |     8 |     3 ||    17
  Use: Potion            |     2 |     1 |     1 ||     4
Armor: Plate armour      |     1 |     8 |     6 ||    15
Dodge: Dodged            |       |       |     1 ||     1
Block: Kite shield       |    19 |    20 |    11 ||    50

Table legend: (Time is in decaauts)
 A = Elapsed time spent in this place.
 B = Non-inter-level travel time spent in this place.
 C = Inter-level travel time spent in this place.
 D = Time resting spent in this place.
 E = Time spent auto-exploring this place.
 F = Levels seen in this place.
 G = Mean time per level.
                   A        B        C        D        E       F      G
               +--------+--------+--------+--------+--------+-----+--------+
         Total |    492 |    492 |      0 |    362 |      0 |   1 |  492.0 |
       Dungeon |    492 |    492 |      0 |    362 |      0 |   1 |  492.0 |
               +--------+--------+--------+--------+--------+-----+--------+

Top non-repeatable levels by time:
       D: 492 daAuts
